Map: Cerulean Fall LE

Players

Trillanes

  • Race: Protoss Protoss
  • League: Diamond
  • Spawn Location: 7:00

Swatopluke - Winner!

  • Race: Terran Terran
  • League: Platinum
  • Spawn Location: 1:00

VOD

Have the link to the VOD?

Description

Time

  • Played on: Nov. 14, 2018, 1:06 p.m.
  • Length: 5:25
Show
View Real Time Build Order
Export as new Build Order

Trillanes Protoss 

Build Orders:  

Get SALT Encoding   

  1  0:00  Probe  
  12  0:06  Probe  
  14  0:18  Pylon  
  14  0:23  Probe  
  15  0:36  Probe  
  16  0:48  Forge  
  16  0:53  Pylon  
  16  0:57  Probe  
  17  1:07  Probe  
  17  1:08  Assimilator  
  18  1:16  Assimilator  
  18  1:18  Probe  
  19  1:26  Pylon  
  19  1:44  Probe  
  20  1:56  Probe  
  20  2:11  Probe  
  21  2:26  Gateway  
  21  2:27  Gateway  
  21  2:31  Gateway  
  21  2:37  Gateway  
  21  2:39  Gateway  
  21  2:48  Gateway  
  21  2:52  Probe  
  22  3:03  Pylon, Probe  
  23  3:20  Pylon  
  23  3:23  Zealot  
  25  3:28  Zealot  
  25  3:33  Zealot  
  29  3:36  Zealot  
  31  3:45  Zealot  
  32  3:58  Zealot x2  
  28  4:10  Probe  
Show
View Real Time Build Order
Export as new Build Order

Swatopluke Terran - Winner!

Build Orders:  

Get SALT Encoding   

  12  0:01  SCV  
  13  0:13  SCV  
  14  0:20  Supply Depot  
  14  0:25  SCV  
  15  0:30  Refinery  
  16  0:44  Barracks  
  16  0:45  SCV  
  16  0:57  SCV  
  17  1:04  Barracks  
  17  1:09  SCV  
  18  1:21  SCV  
  19  1:31  Marine  
  20  1:38  Orbital Command  
  20  1:48  Supply Depot  
  20  1:55  Barracks Tech Lab  
  20  1:57  Barracks Tech Lab  
  20  2:09  SCV  
  20  2:15  Marauder  
  23  2:18  Marauder  
  25  2:27  Barracks  
  25  2:32  Barracks  
  25  2:36  Marauder  
  27  2:40  Marauder  
  29  3:02  Marauder  
  31  3:08  Supply Depot  
  31  3:11  Supply Depot  
  31  3:16  Barracks Tech Lab  
  31  3:18  Barracks Tech Lab  
  31  3:30  Marauder x2  
  35  3:49  Marauder x2  
  35  3:51  Marauder  
  41  4:14  Marauder x3  
  47  4:35  Supply Depot  
  47  4:38  Supply Depot  
  47  4:42  Marauder  
  47  4:44  Marauder  
  47  4:48  Marauder  
  47  4:51  Marauder  
  43  5:03  Marauder  
Tags
 
Add a new tag
Caveats
  • Supply blocks, unpowered buildings, or Contaminate may cause inaccurate times.
  • Supply counts are checked every 10 seconds.